 Dungeon Crawl Stone Soup version 0.21.1-1-g345015f (webtiles) character file.

98 letownia2 the Magician (level 4, 30/30 HPs)
             Began as a Merfolk Wizard on Mar 18, 2018.
             Quit the game in the Ecumenical Temple.
             The game lasted 00:05:32 (804 turns).

letownia2 the Magician (Merfolk Wizard)              Turns: 804, Time: 00:05:33

Health: 30/30      AC:  3    Str:  8    XL:     4   Next: 69%
Magic:  8/8        EV: 13    Int: 17    God:
Gold:   39         SH:  0    Dex: 12    Spells: 0/9 levels left

rFire    . . .     SeeInvis .   a - +0 hand axe (elec)
rCold    . . .     Gourm    .   (no shield)
rNeg     . . .     Faith    .   m - +0 robe
rPois    .         Spirit   .   t - +0 helmet
rElec    .         Reflect  .   (no cloak)
rCorr    .         Harm     .   (no gloves)
MR       .....                  (no boots)
Stlth    ++........             (no amulet)
HPRegen  0.10/turn              (no ring)
MPRegen  0.11/turn              (no ring)

@: no status effects
A: change form in water, swift swim, stealthy swim
a: no special abilities


You were in the Ecumenical Temple.
You were not hungry.

You visited 2 branches of the dungeon, and saw 6 of its levels.

You collected 39 gold pieces.

Inventory:

Hand Weapons
 a - a +0 hand axe of electrocution (weapon)
 b - a +0 whip of venom
 g - a +0 short sword
 l - a +0 hunting sling
 u - a +3 whip
Missiles
 h - 8 tomahawks (quivered)
 v - 8 sling bullets
Armour
 e - a +0 scale mail
 m - a +0 robe (worn)
 n - a +0 scale mail
 o - a +0 hat
 q - a +0 leather armour
 t - a +0 helmet (worn)
Jewellery
 f - an uncursed ring of see invisible
 p - an uncursed ring of ice
Scrolls
 s - a scroll of identify {unknown}
 w - a scroll of remove curse {unknown}
Potions
 i - 3 potions of resistance {unknown}
 j - 2 potions of flight {unknown}
 k - 2 potions of haste {unknown}
 r - a potion of agility {unknown}
Books
 c - a book of Minor Magic

   Spells                             Type                      Level
   a - Magic Dart                     Conjuration                  1
   b - Blink                          Translocation                2
   c - Call Imp                       Summoning                    2
   d - Slow                           Hexes                        2
   e - Conjure Flame                  Conjuration/Fire             3
   f - Mephitic Cloud                 Conjuration/Poison/Air       3
Comestibles
 d - 2 rations


   Skills:
 - Level 2.6 Dodging
 - Level 2.1 Stealth
 - Level 3.0 Spellcasting
 + Level 1.8 Conjurations
 - Level 2.5 Summonings
   Level 0.7 Translocations
 + Level 0.2 Fire Magic
 - Level 1.2 Air Magic
 - Level 1.7 Poison Magic


You couldn't memorise any spells.
You knew the following spells:

 Your Spells              Type           Power        Failure   Level  Hunger
a - Magic Dart            Conj           #...         9%          1    None
c - Conjure Flame         Conj/Fire      #.......     34%         3    ###....
e - Mephitic Cloud        Conj/Pois/Air  #.......     26%         3    ###....
i - Call Imp              Summ           ##......     10%         2    ##.....


Dungeon Overview and Level Annotations

Branches:
Dungeon (5/15)             Temple (1/1) D:4

Altars:
Ashenzari
Dithmenos
Elyvilon
Fedhas
Hepliaklqana
Makhleb
Okawaru
Ru
Sif Muna
Trog
Uskayaw
Wu Jian
Xom
Yredelemnul
Zin

Annotations:
D:3 Setanta's ghost, amateur GnAK


Message History

Found a shadowy altar of Dithmenos.
Found an iron altar of Okawaru.
Found a burning altar of Makhleb.
Found a white marble altar of Elyvilon.
Found a hazy altar of Hepliaklqana.
Found a deep blue altar of Sif Muna.
Found an ornate altar of the Wu Jian Council.
Found a shattered altar of Ashenzari.
Found a shimmering altar of Xom.
Found a sacrificial altar of Ru.
You remove your ring of see invisible.
Put on which piece of jewellery? (? for menu, Esc to quit)
Okay, then.
Okay, then.
Wield which item (- for none, * to show all)? (? for menu, Esc to quit)
Okay, then.
Are you sure you want to abandon this character and quit the game? (Confirm with "yes".)
Okay, then.
Unknown command.
Are you sure you want to abandon this character and quit the game? (Confirm with "yes".)

##### ####...#### #....<....#
##.##...##.## #...##.##...#
#._....@.._.#
#####...#...#...#####
#...##.##._.##.##...# ###
#._.....#...#....._.# ###
#...#...#._.#####._.#...#...#
#._....##...........##...._.#
#...#...#####._.#####...#...#
### #._....##...##...._.# ###
#...#...#####...#...#


There were no monsters in sight!

Vanquished Creatures
  A scorpion (D:3)
  Terence (D:2)
  2 adders
  A leopard gecko (D:2)
  An orc (D:5)
  2 giant cockroaches
  A hobgoblin (D:4)
  3 bats
  A goblin (D:1)
  3 kobolds
  2 rats (D:2)
18 creatures vanquished.

Vanquished Creatures (collateral kills)
  An adder (D:2)
  A rat (D:2)
2 creatures vanquished.

Grand Total: 20 creatures vanquished

Notes
Turn   | Place    | Note
-------+----------+-------------------------------------------
     0 | D:1      | letownia2 the Merfolk Wizard began the quest for the Orb.
     0 | D:1      | Reached XP level 1. HP: 13/13 MP: 4/4
    60 | D:2      | Reached skill level 1 in Conjurations
   170 | D:2      | Reached XP level 2. HP: 18/19 MP: 0/6
   190 | D:2      | Learned a level 2 spell: Call Imp
   214 | D:2      | Noticed Terence
   252 | D:2      | Killed Terence
   308 | D:2      | Reached XP level 3. HP: 24/24 MP: 0/7
   343 | D:2      | Learned a level 3 spell: Mephitic Cloud
   356 | D:3      | Noticed a scorpion
   363 | D:3      | Killed a scorpion
   363 | D:3      | Reached skill level 1 in Air Magic
   363 | D:3      | Reached skill level 1 in Poison Magic
   363 | D:3      | Reached XP level 4. HP: 14/30 MP: 3/8
   467 | D:4      | Learned a level 3 spell: Conjure Flame
   470 | D:5      | Entered Level 5 of the Dungeon
   594 | D:3      | Noticed Setanta's ghost (amateur GnAK)
   667 | D:5      | Noticed a two-headed ogre
   667 | D:5      | Noticed an ogre
   754 | D:4      | Found a staircase to the Ecumenical Temple.
   763 | Temple   | Entered the Ecumenical Temple
   804 | Temple   | Quit the game

Skill      XL: |  1  2  3 |
---------------+----------+-----
Conjurations   | 1 |  1.8
Summonings     | 2 |  2.5
Air Magic      | 1 |  1.2
Poison Magic   | 1 |  1.7
Dodging        | |  2.6
Stealth        | |  2.1
Spellcasting   | |  3.0
Translocations | |  0.7
Fire Magic     | |  0.2

Action                   |  1- 3 |  4- 6 || total
-------------------------+-------+-------++-------
Melee: Short sword       |     2 |       ||     2
       Hand axe          |    13 |    14 ||    27
Throw: Tomahawk          |     3 |     6 ||     9
 Cast: Magic Dart        |    13 |     9 ||    22
       Call Imp          |     4 |       ||     4
       Mephitic Cloud    |     1 |     2 ||     3
 Stab: Confused          |       |     2 ||     2
Armor: Robe              |     3 |     1 ||     4
Dodge: Dodged            |    14 |    12 ||    26
